[Event "FIDE Chesscom Online Nations Cup"]
[White "Nakamura, Hikaru"]
[Black "Ding, Liren"]
[Site "Online"]
[Round "5"]
[Annotator "RC"]
[Result "1/2-1/2"]
[Date "2020.05.07"]
[WhiteElo "2829"]
[BlackElo "2836"]
[PlyCount "71"]
[TimeControl "1500+10"]

1. e4 c5 2. c3 Nf6 3. e5 Nd5 4. Nf3 Nc6 5. d4 cxd4 6. cxd4 d6 7. Bc4 Nb6 8. Bb5 dxe5 9. Nxe5 Bd7 10. Nxd7 Qxd7 11. Nc3 e6 12. 0-0 Be7 13. Qg4 0-0 14. Bh6 Qxd4 15. Qg3 Bd6 16. Bxg7 Bxg3 17. Bxd4 Bxh2+ 18. Kxh2 Nxd4 19. Bd3 f5 20. Rae1 Rf6 21. Re3 Rh6+ 22. Kg1 Kf7 23. Ne2 Rd8 24. Rc1 Nxe2+ 25. Bxe2 Rd2 26. Bf3 Rxb2 27. Ra3 a6 28. Bxb7 Nc4 29. Ra4 Nd2 30. Ba8 Ne4 31. Bxe4 fxe4 32. Rxa6 Rf6 33. Rf1 h5 34. Ra3 Rf5 35. Re3 Rxa2 36. Rxe4 1/2-1/2

[Event "FIDE Chesscom Online Nations Cup"]
[White "Dominguez Perez, Leinier"]
[Black "Yu, Yangyi"]
[Site "Online"]
[Round "5"]
[Annotator "RC"]
[Result "0-1"]
[Date "2020.05.07"]
[WhiteElo "2786"]
[BlackElo "2738"]
[PlyCount "74"]
[TimeControl "1500+10"]

1. e4 e5 2. Nf3 Nf6 3. d4 Nxe4 4. Bd3 d5 5. Nxe5 Bd6 6. Nc3 Nxc3 7. bxc3 0-0 8. 0-0 Qh4 9. Re1 Nc6 10. Rb1 Nxe5 11. dxe5 Bc5 12. Qf3 b6 13. Be3 Be6 14. Bxc5 bxc5 15. Rb5 c4 16. Bf1 Rab8 17. Reb1 Rb6 18. a4 Rfb8 19. Qe3 Qe7 20. g3 h6 21. R1b4 c5 22. Rxb6 axb6 23. Rb1 Qa7 24. Ra1 Rd8 25. Bg2 d4 26. cxd4 cxd4 27. Qd2 Qc7 28. a5 bxa5 29. Qxa5 Qxa5 30. Rxa5 d3 31. cxd3 cxd3 32. Bf3 d2 33. Bd1 Rb8 34. Ra1 Rc8 35. Kf1 Bc4+ 36. Kg1 Bd5 37. Ra5 Be4 0-1

[Event "FIDE Chesscom Online Nations Cup"]
[White "Aronian, Levon"]
[Black "Firouzja, Alireza"]
[Site "Online"]
[Round "5"]
[Annotator "RC"]
[Result "1-0"]
[Date "2020.05.07"]
[WhiteElo "2778"]
[BlackElo "2703"]
[PlyCount "175"]
[TimeControl "1500+10"]

1. Nf3 d5 2. e3 Nf6 3. c4 e6 4. b3 c5 5. Bb2 Nc6 6. cxd5 exd5 7. Bb5 Bd6 8. d4 cxd4 9. Nxd4 0-0 10. 0-0 Nxd4 11. Qxd4 a6 12. Be2 Re8 13. Qd1 Qc7 14. h3 Ne4 15. Nd2 Nc3 16. Bxc3 Qxc3 17. Rc1 Qf6 18. Bg4 Bxg4 19. Qxg4 Qb2 20. Nf3 Qxa2 21. Qd7 Bf8 22. Qxb7 Rab8 23. Qc6 Qxb3 24. Qxa6 Qb6 25. Qa2 Rbd8 26. Rfd1 Qe6 27. Rc2 Rd7 28. Qa4 Red8 29. Nd4 Qe4 30. Rdc1 g6 31. Qb5 Rd6 32. Rc8 Kg7 33. Qb2 Rxc8 34. Rxc8 Rf6 35. Rd8 Bc5 36. Nf3 Be7 37. Rd7 Qe6 38. Rb7 Bd6 39. Ng5 Qe5 40. Qxe5 Bxe5 41. Rd7 h6 42. Nf3 Bd6 43. Nd4 Kf8 44. Nb5 Bb4 45. Rxd5 Be1 46. f3 Re6 47. Rd3 Bg3 48. Kf1 Rb6 49. Rd5 Rc6 50. Ke2 Rc1 51. Rd1 Rc2+ 52. Rd2 Rc1 53. Kd3 Be5 54. Ke4 Bf6 55. Nd4 Bxd4 56. exd4 Ke7 57. Ra2 h5 58. Kd5 Rd1 59. Re2+ Kd7 60. Ke5 Ke7 61. f4 Rf1 62. h4 f6+ 63. Kd5+ Kd7 64. g3 Ra1 65. Rb2 Ra5+ 66. Kc4 Kc6 67. d5+ Kc7 68. Re2 Ra4+ 69. Kb5 Ra3 70. Re6 Rxg3 71. Rxf6 Rg1 72. Ra6 Kd7 73. Kc5 Rc1+ 74. Kd4 Rd1+ 75. Ke5 Re1+ 76. Kf6 Rg1 77. Ra7+ Kd6 78. Rg7 Rg4 79. Rxg6 Rxf4+ 80. Kg5+ Ke5 81. d6 Rd4 82. Kxh5 Kf5 83. Kh6 Rxh4+ 84. Kg7 Ra4 85. Rh6 Kg5 86. Re6 Kf5 87. Kf7 Rh4 88. Re1 1-0

[Event "FIDE Chesscom Online Nations Cup"]
[White "Artemiev, Vladislav"]
[Black "Harikrishna, Pentala"]
[Site "Online"]
[Round "5"]
[Annotator "RC"]
[Result "1-0"]
[Date "2020.05.07"]
[WhiteElo "2769"]
[BlackElo "2690"]
[PlyCount "89"]
[TimeControl "1500+10"]

1. c4 e6 2. Nf3 d5 3. e3 Nf6 4. d4 c5 5. cxd5 exd5 6. Bb5+ Nc6 7. 0-0 cxd4 8. exd4 Be7 9. Ne5 Bd7 10. Nc3 0-0 11. Bg5 h6 12. Bh4 Ne4 13. Bxe7 Qxe7 14. Nxd5 Qd6 15. Nxd7 Qxd7 16. Nb4 Qd6 17. Nxc6 bxc6 18. Ba4 Rab8 19. Qc2 Ng5 20. Rad1 Ne6 21. Qxc6 Qxc6 22. Bxc6 Rxb2 23. a3 Rb6 24. d5 Nd8 25. Ba4 Nb7 26. h4 Nd6 27. Rd4 Rfb8 28. Bc6 Ra6 29. Rd3 Rab6 30. Re1 Rb1 31. Rxb1 Rxb1+ 32. Kh2 Rb2 33. Kg3 g5 34. hxg5 hxg5 35. Kf3 Kf8 36. g4 Ke7 37. Ke3 f6 38. Kd4 Nf7 39. Rh3 Ne5 40. f3 Rc2 41. Bb5 a5 42. a4 Kd6 43. Rh6 Nxf3+ 44. Kd3 Nd2 45. Kxc2 1-0

[Event "FIDE Chesscom Online Nations Cup"]
[White "Radjabov, Teimour"]
[Black "Vachier-Lagrave, Maxime"]
[Site "Online"]
[Round "5"]
[Annotator "RC"]
[Result "1/2-1/2"]
[Date "2020.05.07"]
[WhiteElo "2758"]
[BlackElo "2860"]
[PlyCount "77"]
[TimeControl "1500+10"]

1. d4 d5 2. c4 c6 3. Nc3 Nf6 4. Nf3 e6 5. Bg5 h6 6. Bh4 dxc4 7. e4 g5 8. Bg3 b5 9. Be2 Nbd7 10. e5 Nd5 11. 0-0 Bb7 12. Nxd5 cxd5 13. Ne1 Qb6 14. Bh5 Be7 15. f4 0-0-0 16. fxg5 Bxg5 17. Nc2 f5 18. exf6 Nxf6 19. h4 Ne4 20. Be5 Bxh4 21. Qg4 Bg5 22. Rf7 Rhg8 23. Qh3 Rd7 24. Raf1 Be7 25. Rh7 Ng5 26. Qg4 Bd6 27. Bf7 Rgd8 28. Bxe6 Nxe6 29. Rxd7 Kxd7 30. Rf7+ Be7 31. Ne3 Rf8 32. Rh7 Qa5 33. Nf5 Qe1+ 34. Kh2 Rxf5 35. Qxf5 Qh4+ 36. Kg1 Qe1+ 37. Kh2 Qh4+ 38. Kg1 Qe1+ 39. Kh2 1/2-1/2

[Event "FIDE Chesscom Online Nations Cup"]
[White "Anand, Viswanathan"]
[Black "Nepomniachtchi, Ian"]
[Site "Online"]
[Round "5"]
[Annotator "RC"]
[Result "1-0"]
[Date "2020.05.07"]
[WhiteElo "2751"]
[BlackElo "2778"]
[PlyCount "33"]
[TimeControl "1500+10"]

1. d4 Nf6 2. c4 g6 3. Nc3 d5 4. cxd5 Nxd5 5. Bd2 Bg7 6. e4 Nxc3 7. Bxc3 c5 8. d5 Bxc3+ 9. bxc3 Qd6 10. Qd2 0-0 11. f4 e6 12. Nf3 exd5 13. Bc4 Be6 14. 0-0 d4 15. f5 Bxc4 16. e5 Qd7 17. f6 1-0

[Event "FIDE Chesscom Online Nations Cup"]
[White "Wang, Hao"]
[Black "Caruana, Fabiano"]
[Site "Online"]
[Round "5"]
[Annotator "RC"]
[Result "0-1"]
[Date "2020.05.07"]
[WhiteElo "2750"]
[BlackElo "2773"]
[PlyCount "92"]
[TimeControl "1500+10"]

1. Nf3 d5 2. g3 Bg4 3. Bg2 Nd7 4. 0-0 e6 5. d3 Bd6 6. Nbd2 Ne7 7. h3 Bh5 8. b3 0-0 9. Bb2 a5 10. a4 c5 11. g4 Bg6 12. Nh4 Nc6 13. Nxg6 hxg6 14. e4 d4 15. f4 g5 16. f5 Bf4 17. Nc4 e5 18. Bc1 Ra6 19. Qe2 Qe7 20. Qf2 Nb4 21. Bxf4 gxf4 22. h4 g5 23. fxg6 fxg6 24. g5 Nb6 25. Bf3 Nxc4 26. bxc4 Rb6 27. Rfb1 Kg7 28. Kg2 Rh8 29. Bg4 Kf8 30. Rb3 Ke8 31. Kf3 Kd8 32. Rh1 Qe8 33. Ra1 Kc7 34. Kg2 Kb8 35. Kf3 Rc6 36. Rbb1 Rc7 37. Rh1 Rch7 38. Rh2 Qc6 39. h5 gxh5 40. Bf5 Rg7 41. g6 Rf8 42. Rxh5 Rxf5 43. Rxf5 Qxg6 44. Qh2 Nxc2 45. Rh1 Qg4+ 46. Kf2 Nb4 0-1

[Event "FIDE Chesscom Online Nations Cup"]
[White "Adhiban, B.."]
[Black "Karjakin, Sergey"]
[Site "Online"]
[Round "5"]
[Annotator "ChessBase"]
[Result "1/2-1/2"]
[Date "2020.05.07"]
[WhiteElo "2624"]
[BlackElo "2709"]
[PlyCount "41"]
[TimeControl "1500+10"]

1. d4 Nf6 2. c4 e6 3. Nf3 d5 4. Nc3 Be7 5. Bf4 0-0 6. e3 Nbd7 7. Be2 dxc4 8. 0-0 a6 9. a4 c5 10. d5 exd5 11. Nxd5 Nxd5 12. Qxd5 Nf6 13. Qxc4 Be6 14. Qc2 h6 15. Rfd1 Qb6 16. Nd2 Rad8 17. Nc4 Qc6 18. Ne5 Qb6 19. Nc4 Qc6 20. Ne5 Qb6 21. Nc4 1/2-1/2

[Event "FIDE Chesscom Online Nations Cup"]
[White "Hou, Yifan"]
[Black "Krush, Irina"]
[Site "Online"]
[Round "5"]
[Annotator "ChessBase"]
[Result "1-0"]
[Date "2020.05.07"]
[WhiteElo "2621"]
[BlackElo "2392"]
[PlyCount "71"]
[TimeControl "1500+10"]

1. e4 c5 2. Nf3 d6 3. Bb5+ Bd7 4. c4 Bxb5 5. cxb5 Nf6 6. Nc3 g6 7. d4 cxd4 8. Nxd4 Bg7 9. 0-0 0-0 10. Be3 Nbd7 11. Qe2 Rc8 12. Rfd1 Re8 13. Rac1 e6 14. Nb3 Nb6 15. Na5 d5 16. e5 Nfd7 17. Nxb7 Qh4 18. Nd6 Bxe5 19. g3 Qf6 20. Nxc8 Rxc8 21. f4 Bb8 22. Bxb6 Nxb6 23. Nxd5 exd5 24. Rxc8+ Nxc8 25. Qe8+ Kg7 26. Qxc8 Qb6+ 27. Kg2 Qxb5 28. Qc3+ Kg8 29. Rd2 Bd6 30. Qb3 Qa6 31. Qxd5 Be7 32. f5 Bf6 33. fxg6 hxg6 34. Rf2 Kg7 35. Qf3 Qe6 36. Qxf6+ 1-0

[Event "FIDE Chesscom Online Nations Cup"]
[White "Amin, Bassem"]
[Black "Giri, Anish"]
[Site "Online"]
[Round "5"]
[Annotator "RC"]
[Result "1-0"]
[Date "2020.05.07"]
[WhiteElo "2608"]
[BlackElo "2731"]
[PlyCount "105"]
[TimeControl "1500+10"]

1. e4 c5 2. Nf3 d6 3. g3 Nf6 4. d3 g6 5. Bg2 Bg7 6. 0-0 0-0 7. Re1 Nc6 8. c3 e5 9. a3 b5 10. h3 Rb8 11. Be3 a5 12. a4 b4 13. Nbd2 h6 14. Rc1 Re8 15. d4 bxc3 16. bxc3 exd4 17. cxd4 Nb4 18. Nc4 Nxe4 19. dxc5 Na2 20. Nxd6 Nxd6 21. Rc2 Bf5 22. Rxa2 Nc4 23. Qxd8 Rbxd8 24. c6 Rc8 25. Nd2 Ne5 26. g4 Nd3 27. Rb1 Be6 28. Rc2 Nb4 29. Rc5 Ba2 30. Rf1 Bf8 31. Rxa5 Nxc6 32. Rb5 Ne5 33. Ra1 Bc4 34. Nxc4 Nxc4 35. Bd4 Red8 36. Bf6 Rd6 37. g5 hxg5 38. Bxg5 Na3 39. Rb3 f6 40. Be3 Nc2 41. Rc1 Rc4 42. Bf1 Rc8 43. a5 Rdc6 44. Bb6 Nb4 45. Rxc6 Rxc6 46. a6 Rc1 47. a7 Ra1 48. Rxb4 Bxb4 49. Kg2 Bd6 50. Bc4+ Kg7 51. Bd5 Bc7 52. Bd4 Be5 53. Bxa1 1-0

[Event "FIDE Chesscom Online Nations Cup"]
[White "Girya, Olga"]
[Black "Harika, Dronavalli"]
[Site "Online"]
[Round "5"]
[Annotator "ChessBase"]
[Result "1/2-1/2"]
[Date "2020.05.07"]
[WhiteElo "2471"]
[BlackElo "2450"]
[PlyCount "75"]
[TimeControl "1500+10"]

1. d4 Nf6 2. c4 d6 3. Nc3 e5 4. Nf3 exd4 5. Nxd4 g6 6. e4 Bg7 7. Be2 0-0 8. 0-0 Re8 9. f3 Nc6 10. Be3 Nh5 11. Qd2 Nf4 12. Nxc6 Nxe2+ 13. Nxe2 bxc6 14. Bd4 c5 15. Bxg7 Kxg7 16. Nc3 Bb7 17. Rad1 Bc6 18. Rfe1 Rb8 19. e5 Qh4 20. b3 Qd4+ 21. Qxd4 cxd4 22. Rxd4 dxe5 23. Rd2 a5 24. Nd5 Rb7 25. Re3 a4 26. bxa4 Bxd5 27. Rxd5 Rb4 28. Rexe5 Rxe5 29. Rxe5 Rxc4 30. a5 Ra4 31. Rc5 Rxa2 32. h4 h5 33. Kh2 Kf8 34. Kg3 Ra4 35. Kh3 c6 36. g3 Ke7 37. Rxc6 Rxa5 38. g4 1/2-1/2

[Event "FIDE Chesscom Online Nations Cup"]
[White "Dzagnidze, Nana"]
[Black "Saduakassova, Dinara"]
[Site "Online"]
[Round "5"]
[Annotator "ChessBase"]
[Result "1-0"]
[Date "2020.05.07"]
[WhiteElo "2447"]
[BlackElo "2412"]
[PlyCount "99"]
[TimeControl "1500+10"]

1. Nf3 Nf6 2. c4 c5 3. Nc3 Nc6 4. g3 d5 5. d4 e6 6. cxd5 Nxd5 7. Bg2 cxd4 8. Nxd4 Nxc3 9. bxc3 Nxd4 10. Qxd4 Qxd4 11. cxd4 Bd6 12. Bf4 Ke7 13. Bxd6+ Kxd6 14. Kd2 Rb8 15. e4 b6 16. Rhc1 Bb7 17. Rc3 Rhc8 18. Ra3 a5 19. Rb1 Ba6 20. Rab3 Kc7 21. a4 Bc4 22. R3b2 b5 23. axb5 Kb6 24. Ra1 Rc7 25. f4 f6 26. Ke3 e5 27. d5 Rc5 28. Rc2 Bxb5 29. Rxc5 Kxc5 30. Rxa5 Kb6 31. Ra2 Rc8 32. Rb2 Ka5 33. fxe5 fxe5 34. Bf3 g6 35. Bg4 Rc3+ 36. Kf2 h5 37. Be2 Bxe2 38. Kxe2 Rc4 39. Kd3 Rd4+ 40. Ke3 Rd1 41. Rd2 Re1+ 42. Kf2 Rc1 43. d6 Rc8 44. Rd5+ Kb6 45. Rxe5 Rf8+ 46. Ke3 Kc6 47. Re6 g5 48. e5 Kd5 49. Re7 g4 50. d7 1-0